Map: Apotheosis LE

Players

Rabid

  • Race: Terran Terran

A.I. 1 (Harder) - Winner!

  • Race: Protoss Protoss

VOD

Have the link to the VOD?

Description

Time

  • Played on: July 12, 2016, 11:08 p.m.
  • Length: 6:30
Show
View Real Time Build Order
Export as new Build Order

Rabid Terran 

Build Orders: MMM Bio 

Get SALT Encoding   

  12  0:01  SCV  
  13  0:13  SCV  
  14  0:19  Supply Depot  
  14  0:25  SCV  
  15  0:42  Barracks  
  15  0:44  SCV  
  15  0:48  Refinery  
  16  0:56  SCV  
  17  1:02  Barracks  
  17  1:12  SCV  
  18  1:24  SCV  
  19  1:35  Reaper  
  19  1:37  Orbital Command, Refinery  
  20  1:48  Supply Depot  
  20  1:53  Reaper  
  21  2:02  SCV  
  22  2:10  Reaper  
  22  2:14  SCV  
  24  2:25  Reaper  
  24  2:27  Engineering Bay  
  24  2:29  SCV  
  26  2:40  Factory  
  26  2:43  Barracks Tech Lab  
  26  2:50  SCV  
  27  2:55  Supply Depot  
  27  2:58  Barracks Reactor  
  27  3:07  Stimpack, Marine  
  28  3:18  Command Center  
  28  3:26  Marine  
  29  3:32  Starport  
  29  3:34  Factory Tech Lab  
  29  3:35  Marine  
  29  3:39  SCV  
  31  3:46  Marine  
  30  4:07  Marine  
  30  4:08  Marine  
  32  4:16  Siege Tank  
  35  4:17  Medivac  
  35  4:18  Marine  
  38  4:27  SCV  
  39  4:39  SCV  
  39  4:43  SCV  
  41  4:51  SCV  
  42  4:53  Marine  
  43  5:03  SCV x2  
  45  5:07  Combat Shields  
  45  5:11  Marine  
  46  5:15  SCV  
  46  5:20  Marine x2  
  52  5:21  Siege Tank, Command Center  
  52  5:27  SCV  
  53  5:33  Marine  
  53  5:38  Marine  
  40  6:08  Marine  
  40  6:10  Marine  
  40  6:11  Marine  
Show
View Real Time Build Order
Export as new Build Order

A.I. 1 (Harder) Protoss - Winner!

Build Orders:  

Get SALT Encoding   

  12  0:01  Probe (Chrono Boost)  
  13  0:11  Probe (Chrono Boost)  
  14  0:19  Pylon  
  14  0:22  Probe (Chrono Boost)  
  15  0:38  Probe (Chrono Boost)  
  15  0:40  Gateway  
  16  0:47  Assimilator  
  16  0:48  Probe (Chrono Boost)  
  17  0:59  Probe (Chrono Boost)  
  17  1:01  Pylon  
  18  1:09  Probe (Chrono Boost)  
  19  1:22  Probe (Chrono Boost)  
  20  1:26  Zealot  
  20  1:30  Cybernetics Core  
  22  1:44  Gateway  
  22  1:47  Assimilator  
  22  2:03  Pylon  
  22  2:04  Stalker  
  24  2:12  Warp Gate  
  24  2:32  Adept  
  24  2:33  Adept  
  28  2:41  Pylon  
  28  2:58  Adept  
  28  2:59  Adept  
  32  3:07  Probe (Chrono Boost)  
  33  3:14  Pylon  
  33  3:18  Probe (Chrono Boost)  
  34  3:23  Adept  
  34  3:25  Adept  
  38  3:31  Probe (Chrono Boost)  
  39  3:36  Forge  
  40  3:42  Probe (Chrono Boost)  
  40  3:49  Zealot  
  40  3:51  Adept  
  40  3:54  Probe (Chrono Boost)  
  44  4:06  Probe (Chrono Boost)  
  46  4:17  Probe (Chrono Boost)  
  46  4:35  Protoss Ground Weapons Level 1  
  46  4:39  Sentry  
  46  4:41  Gateway  
  46  4:44  Pylon  
  48  4:45  Stalker  
  50  5:01  Stalker  
  52  5:07  Stalker  
  52  5:09  Pylon  
  54  5:15  Nexus  
  54  5:23  Stalker  
  56  5:30  Sentry  
  58  5:40  Stalker  
  60  5:47  Sentry  
  56  5:54  Stalker  
  54  6:02  Stalker  
  52  6:09  Stalker  
  52  6:16  Zealot  
  52  6:24  Stalker  
Tags
 
Composition
MMM Bio
Matchup
PvT
Replay Pack
Ruins of Endion
Add a new tag
Caveats
  • Supply blocks, unpowered buildings, or Contaminate may cause inaccurate times.
  • Supply counts are checked every 10 seconds.